 Dungeon Crawl Stone Soup version 0.15.2 (webtiles) character file.

538460 MordorOrchid the Imperceptible (level 24, -1/114 (129) HPs)
             Began as a Spriggan Assassin on May 31, 2021.
             Was the Champion of Dithmenos.
             Slain by a guardian mummy (6 damage)
             ... on Level 3 of the Tomb of the Ancients on June 8, 2021.
             The game lasted 10:58:54 (58335 turns).

MordorOrchid the Imperceptible (Spriggan Assassin) Turns: 58335, Time: 10:58:54

HP  -1/114 (129) AC 12     Str  8      XL: 24   Next:  6%
MP   0/52        EV 34     Int 11 (19) God: Dithmenos [******]
Gold 5227        SH 10     Dex 21      Spells: 16 memorised, 12 levels left

rFire  + + .     SeeInvis +     a - +5 cutlass (elec)
rCold  + + +     Clarity  .     n - +4 troll leather armour
rNeg   . . .     rCorr    .     c - +3 buckler {rC+}
rPois  +         rRot     .     (helmet restricted)
rElec  .         Spirit   +     D - +2 cloak {MR+}
SustAb .         Warding  .     (gloves unavailable)
rMut   .         Stasis   .     (boots unavailable)
Gourm  .                        k - amulet of guardian spirit
MR     +++++                    d - ring of the Illusory Runes {rF++ rC++ MR+}
                                V - ring of magical power

@: very slightly contaminated, wreathed by umbra, studying Hexes, repel
missiles, heavily drained, very quick, almost entirely resistant to hostile
enchantments, uncannily stealthy
A: unfitting armour, antennae 1, rugged brown scales 1, see invisible, herbivore
3, speed 3, poison resistance, slow metabolism 2, no device heal 1
a: Shadow Step, Shadow Form, Renounce Religion
}: 4/15 runes: barnacled, silver, golden, gossamer


You were on level 3 of the Tomb of the Ancients.
You worshipped Dithmenos.
Dithmenos was exalted by your worship.
You were very hungry.

You visited 10 branches of the dungeon, and saw 52 of its levels.
You visited 1 bazaar.
You also visited: Labyrinth, Ice Cave and Wizlab.

You collected 7829 gold pieces.
You spent 2317 gold pieces at shops.

Inventory:

Hand weapons
 a - a +5 cutlass of electrocution (weapon)
 L - the +7 dagger "Skeisent" {stab, Stlth+}
   (You found it on level 3 of the Crypt)

   It inflicts extra damage upon your enemies.
   It makes you more stealthy.
Missiles
 m - 3 throwing nets (quivered)
 T - 29 tomahawks
Armour
 c - a +3 buckler of cold resistance (worn)
 h - a +2 cloak of magic resistance
 n - a +4 troll leather armour (worn)
 D - a +2 cloak of magic resistance (worn)
Magical devices
 J - a wand of enslavement (5)
 R - a wand of invisibility (4)
 W - a wand of teleportation (3)
Comestibles
 G - 7 royal jellies
Scrolls
 b - 2 scrolls of identify
 f - 8 scrolls of fear
 o - 9 scrolls of recharging
 p - 6 scrolls of remove curse
 r - 12 scrolls of teleportation
 H - 8 scrolls of fog
 N - 5 scrolls of summoning
 P - 2 scrolls of silence
Jewellery
 d - the ring of the Illusory Runes (right hand) {rF++ rC++ MR+}
   (You found it in a labyrinth)

   [ring of protection from magic]

   It greatly protects you from fire.
   It greatly protects you from cold.
   It affects your resistance to hostile enchantments.
 e - an uncursed amulet of clarity
 j - the ring "Acwog" {+Rage rPois rN+ Str+3 Dex+3}
   (You took it off a deep elf mage on level 3 of the Elven Halls)

   [ring of positive energy]

   It affects your strength (+3).
   It affects your dexterity (+3).
   It protects you from poison.
   It protects you from negative energy.
   It lets you go berserk.
 k - an amulet of guardian spirit (around neck)
 l - the amulet of Tryemyif {Clar Str+3 Dex+3, unknown}
   (You found it on level 3 of the Tomb of the Ancients)

   [amulet of clarity]

   It provides mental clarity.
   It affects your strength (+3).
   It affects your dexterity (+3).
 Q - an uncursed ring of regeneration
 V - a ring of magical power (left hand)
Potions
 g - 2 potions of resistance
 q - 5 potions of brilliance
 t - 2 potions of heal wounds
 u - 8 potions of agility
 z - a potion of invisibility
 F - a potion of haste
 I - 13 potions of curing
Books
 X - a manual of Hexes
Miscellaneous
 i - a sack of spiders
 B - a disc of storms
 C - a stone of tremors
 U - a fan of gales
 Y - a phial of floods


   Skills:
 * Level 12.9(10.5) Fighting
 - Level 14.2(11.8) Short Blades
 + Level 14.8(12.3) Throwing
 - Level 6.2(4.2) Armour
 + Level 23.0(20.1) Dodging
 - Level 24.3(21.3) Stealth
 - Level 4.4(2.5) Shields
 + Level 16.6(14.0) Spellcasting
 * Level 4.5(2.6) Hexes
 - Level 8.0(5.9) Charms
 - Level 6.1(4.1) Summonings
 * Level 8.0(5.9) Necromancy
 - Level 9.0(6.9) Translocations
 - Level 8.3(6.2) Transmutations
 - Level 6.2(4.2) Air Magic
 * Level 10.5(8.2) Earth Magic
 * Level 11.1(8.8) Invocations
 - Level 9.4(7.2) Evocations


You had 12 spell levels left.
You knew the following spells:

 Your Spells              Type           Power        Failure   Level  Hunger
a - Summon Butterflies    Summ           ###.....     2%          1    None
b - Flight                Chrm/Air       ###.......   6%          3    #......
c - Control Undead        Necr           ###.......   14%         4    ###....
e - Spectral Weapon       Hex/Chrm       ###.....     10%         3    #......
j - Summon Lightning Spi  Summ/Air       ###.....     24%         4    ###....
k - Regeneration          Chrm/Necr      ###.......   4%          3    #......
m - Sublimation of Blood  Necr           ###.......   1%          2    None
r - Repel Missiles        Chrm/Air       ###...       2%          2    None
u - Animate Skeleton      Necr           N/A          1%          1    None
v - Lee's Rapid Deconstr  Erth           ####......   14%         5    ####...
w - Passwall              Trmt/Erth      ###.......   1%          3    #......
x - Blink                 Tloc           N/A          1%          2    None
y - Shroud of Golubria    Chrm/Tloc      ###.......   1%          2    None
z - Apportation           Tloc           ###.......   1%          1    None
P - Passage of Golubria   Tloc           N/A          10%         4    ###....
X - Control Teleport      Chrm/Tloc      ###.......   12%         4    ###....


Dungeon Overview and Level Annotations

Branches:
Dungeon (15/15)            Temple (1/1) D:4             Orc (4/4) D:9
    Elf (3/3) Orc:3          Lair (8/8) D:9          Shoals (5/5) Lair:6
 Spider (5/5) Lair:5        Slime (0/6) Lair:6       Vaults (5/5) D:13
  Crypt (3/3) Vaults:2       Tomb (3/3) Crypt:3      Depths (0/5) D:15

Altars:
Ashenzari
Cheibriados
Dithmenos
Elyvilon
Fedhas
Kikubaaqudgha
Makhleb
Nemelex Xobeh
Okawaru
Qazlal
Sif Muna
Trog
Vehumet
Xom
Yredelemnul
Zin
The Shining One
Beogh
Jiyva

Shops:
D:4 %(*   Orc:3 }   Orc:4 *}((   Elf:2 %   Vaults:2 (

Portals:
Trove: Vaults:3 (give 2 scrolls of acquirement)

Annotations:
D:5 Grinder
Orc:2 exclusion: upstairs
Orc:3 exclusion: upstairs
Elf:3 exclusion: Roxanne, Roxanne
Vaults:3 Mennas


Innate Abilities, Weirdness & Mutations

You are tiny and cannot use many weapons and most armour.
You have supernaturally acute eyesight.
You are a herbivore.
You cover ground extremely quickly.
You need consume almost no food.
You have a pair of small antennae on your head.
You are partially covered in rugged brown scales (AC +1, +3% HP).
Your system is resistant to poisons.
Potions and wands are less effective at restoring your health.


Message History

As you read the scroll of blinking, it crumbles to dust.
The guardian mummy completely misses you.
The greater mummy casts a spell at you. Something smites you!
* * * LOW HITPOINT WARNING * * *
You hear a distant "Zot"!
The guardian mummy completely misses you.
The mummy priest utters an invocation to its god.
The guardian mummy completely misses you.
The greater mummy calls on the powers of darkness!
Your body is wracked with pain!
* * * LOW HITPOINT WARNING * * *
The greater mummy casts a spell.
You block the guardian mummy's attack.
You see here 26 gold pieces.
You slash the guardian mummy!
The guardian mummy is lightly damaged.
The greater mummy casts a spell.
The guardian mummy hits you!
You die...

*###*** ######## ######
##)%$.,***#..<...####$$$.##
##=)$....,*#.$.M..##..$$$$M##
##)=)|%....*#..MM..##...$$)$$##
#}|)$[(.....#...@..#....$$$$$$##
[=|}$.......#...$$.#....$)$[$$$##
||[M$$......#......#......$$)$$$#
=Z.§$....M..#...MM.#....$)$$$$$:$
}§§§$.......#.4MZWM#.^...$$$$$$$%
%§M§).^.....#.M.M..#...(..$$$$)$$
§§$§....^...#.zMMM.#.......$.ZM$$
.§M........##...M..##.$..^..M.W$M
..........##.....3..##$....?M^.WW


You could see 2 greater mummies, 9 guardian mummies, a smoke demon, a blue
devil, a shadow, a flying skull, 2 mummies and an ettin zombie.

Vanquished Creatures
  2 ancient liches
  19 greater mummies
  Mara (Shoals:3)
  3 golden dragons (Vaults:5)
  4 tentacled monstrosities
  A profane servitor (Crypt:2)
  Frederick (Vaults:5)
  Nikola (Elf:3)
  2 bone dragons (Crypt:2)
  3 liches
  A titan (Vaults:5)
  An Ice Fiend (IceCv)
  4 deep elf blademasters (Elf:3)
  3 deep elf master archers (Elf:3)
  8 sphinxes
  A storm dragon (Vaults:5)
  A quicksilver dragon (Vaults:5)
  Agnes (Vaults:3)
  Frances (Elf:2)
  An Executioner (Crypt:3)
  5 tengu reavers
  4 ancient champions
  5 shadow dragons (Vaults:5)
  2 revenants
  Ilsuiw (Shoals:5)
  9 vault wardens
  4 fire giants (Vaults:5)
  2 ghost moths (Spider:5)
  Wiglaf (Shoals:2)
  4 deep elf sorcerers (Elf:3)
  A frost giant (Vaults:5)
  2 iron dragons (Vaults:5)
  6 emperor scorpions
  Aizul (Elf:2)
  Louise (Shoals:2)
  6 ghouls (Crypt:2)
  A reaper (Tomb:1)
  6 very ugly things
  5 war gargoyles
  3 deep elf demonologists
  6 stone giants
  2 curse skulls
  7 deep elf annihilators
  4 vampire knights
  4 unborn (Tomb:1)
  9 ettins
  4 merfolk javelineers
  An eidolon (Crypt:2)
  Snorg (Lair:3)
  4 crystal guardians
  7 merfolk impalers
  6 jiangshi
  12 deep elf death magi
  A minotaur (Lab)
  7 mummy priests
  19 vault guards
  Josephine (D:12)
  5 deep elf high priests
  10 hydras
  5 fire dragons
  5 yaktaur captains
  6 ironheart preservers
  Fannar (Lair:5)
  Harold (D:11)
  3 great orbs of eyes
  An ice dragon (Vaults:1)
  3 ghost crabs
  Nessos (Elf:2)
  2 anacondas (shapeshifter)
  6 merfolk aquamancers
  2 centaur warriors
  An alligator snapping turtle (Shoals:3)
  6 sirens
  2 death knights (Crypt:2)
  A ravenous feature mimic (Vaults:3)
  A deep troll shaman (Lair:8)
  4 satyrs (Shoals:4)
  9 ogre magi
  3 vampire magi
  6 dancing weapons
  2 tengu warriors (D:15)
  An orc high priest (Orc:4)
  A titan zombie (Crypt:3)
  6 soul eaters (Tomb:1)
  11 death yaks
  A storm dragon zombie (Tomb:1)
  A shock serpent (shapeshifter) (D:13)
  A catoblepas (Lair:8)
  5 hell knights (Crypt:3)
  An iron golem (WizLab)
  8 deep elf knights
  5 unseen horrors
  3 shadow wraiths
  37 skeletal warriors
  5 sea snakes
  A fire crab (Vaults:1)
  An orb spider (shapeshifter) (WizLab)
  7 ice devils (IceCv)
  13 deep trolls
  An unseen horror (shapeshifter) (WizLab)
  5 flayed ghosts
  10 ironbrand convokers
  A deep troll (shapeshifter) (WizLab)
  An anaconda zombie (Crypt:3)
  3 wizards
  11 deep elf summoners
  16 orb spiders
  A golden dragon skeleton (Crypt:2)
  7 necromancers
  2 ice statues (IceCv)
  A swamp dragon (shapeshifter) (WizLab)
  7 large abominations (WizLab)
  Pikel (D:8)
  4 giant orange brains
  A shadow dragon zombie (Crypt:2)
  2 wolf spider zombies
  10 hill giants
  8 orc knights
  A mana viper (shapeshifter) (WizLab)
  8 phantasmal warriors
  A harpy (shapeshifter) (Vaults:2)
  13 harpies
  8 manticores
  2 stone giant zombies (Crypt:3)
  11 deep elf conjurers
  17 wolf spiders
  A frost giant zombie (Crypt:2)
  5 orc sorcerers
  32 ugly things
  12 griffons
  A fire giant zombie (Crypt:3)
  12 red wasps
  12 fauns
  2 draconians (shapeshifter)
  A manticore (shapeshifter) (Elf:3)
  11 mermaids
  A shadow dragon skeleton (Crypt:1)
  6 cyclopes
  A moth of wrath (Spider:5)
  An iron dragon skeleton (Crypt:3)
  A centaur zombie (D:15)
  9 elephants
  Maurice (D:9)
  2 water nymphs
  A stone giant skeleton (Crypt:3)
  A dire elephant zombie (Crypt:1)
  3 torpor snails
  2 centaur skeletons
  8 vault sentinels
  A spiny frog (shapeshifter) (D:15)
  4 komodo dragons
  19 spiny frogs
  21 yaktaurs
  A queen ant (Spider:2)
  7 gargoyles
  A black mamba (shapeshifter) (WizLab)
  4 yaktaurs (shapeshifter) (WizLab)
  32 guardian mummies
  5 trolls
  2 fire drakes
  4 kobold demonologists
  3 silent spectres
  27 jumping spiders
  6 deep elf priests
  An elf (shapeshifter) (WizLab)
  2 jumping spiders (shapeshifter)
  7 freezing wraiths
  9 polar bears
  5 wandering mushrooms (Lab)
  7 demonic crawlers
  A shadow dragon simulacrum (Tomb:1)
  A death yak skeleton (Crypt:1)
  2 polar bears (shapeshifter)
  A merfolk (shapeshifter) (Vaults:5)
  3 wind drakes
  A wind drake (shapeshifter) (D:15)
  A boulder beetle (shapeshifter) (Vaults:5)
  Prince Ribbit (D:9)
  5 snapping turtles
  16 two-headed ogres
  An ice dragon zombie (Crypt:1)
  12 slime creatures
  29 merfolk
  7 blue devils (IceCv)
  5 ravens (D:15)
  A bog body (Crypt:2)
  4 boulder beetles
  2 basilisks (shapeshifter)
  2 blink frogs (shapeshifter)
  62 flying skulls
  3 baby alligators (shapeshifter)
  23 trapdoor spiders
  A trapdoor spider (shapeshifter) (Vaults:1)
  17 deep elf magi
  2 basilisks (Lair:8)
  A griffon skeleton (Crypt:2)
  15 wraiths
  2 ettin skeletons
  38 yaks
  9 water elementals
  A tarantella (shapeshifter) (WizLab)
  2 ice dragon skeletons
  3 hill giant zombies
  15 tarantellas
  2 vampires
  33 redbacks
  A satyr skeleton (Crypt:1)
  A wyvern (shapeshifter) (WizLab)
  2 wyverns
  5 shadows
  Eustachio (Orc:1)
  2 humans (shapeshifter) (WizLab)
  3 humans
  14 hippogriffs
  11 vampire mosquitoes
  A black mamba skeleton (Crypt:3)
  A golden eye (shapeshifter) (Vaults:4)
  A mottled dragon (shapeshifter) (WizLab)
  A steam dragon (D:12)
  19 wolves
  2 hogs (shapeshifter)
  7 wargs
  A neqoxec (Tomb:1)
  2 hydra simulacra (Crypt:2)
  7 hungry ghosts
  Menkaure (D:5)
  15 deep elf fighters
  A spectral spiny frog (Crypt:1)
  A chaos spawn (Elf:3)
  9 small abominations (WizLab)
  25 soldier ants
  A human zombie (D:15)
  34 orc warriors
  4 slaves (D:8)
  A mottled dragon (D:11)
  12 water moccasins
  8 porcupines
  A deep dwarf (shapeshifter) (WizLab)
  3 black bears
  A black bear (shapeshifter) (WizLab)
  3 phantoms
  A yellow wasp (D:14)
  An ice beast (shapeshifter) (WizLab)
  34 ogres
  10 spiders
  A dwarf (shapeshifter) (WizLab)
  13 ice beasts
  5 sky beasts
  2 spiders (shapeshifter)
  2 boring beetles
  A ghost crab zombie (Crypt:2)
  An elf skeleton (Vaults:5)
  A boggart (shapeshifter) (WizLab)
  2 swamp dragon skeletons
  15 crocodiles
  6 lost souls
  3 boggarts (Vaults:2)
  An elephant skeleton (Crypt:2)
  11 centaurs
  7 necrophages
  Sigmund (D:5)
  Duvessa (D:5)
  2 boring beetles (shapeshifter) (WizLab)
  A fire drake skeleton (Crypt:1)
  A crocodile (shapeshifter) (Vaults:5)
  Blork the orc (D:9)
  2 brain worms
  16 giant frogs
  2 big kobolds
  A dryad skeleton (Crypt:2)
  An earth elemental (Lab)
  A komodo dragon skeleton (D:12)
  A hill giant simulacrum (D:12)
  8 scorpions
  A human skeleton (Vaults:3)
  A tengu zombie (D:12)
  11 killer bees
  A yak zombie (Crypt:2)
  A spriggan skeleton (Lab)
  12 wights
  An orc simulacrum (Vaults:2)
  8 electric eels
  A quasit (D:11)
  7 crimson imps
  Dowan (D:5)
  31 orc priests
  3 goliath beetles
  A black bear zombie (D:8)
  13 hounds
  9 jellies
  A cyclops simulacrum (D:15)
  2 two-headed ogre skeletons (Vaults:3)
  33 orc wizards
  Natasha (twice) (D:5)
  6 iguanas
  An orange rat (Elf:2)
  35 worker ants
  34 sheep
  A sky beast zombie (D:9)
  Jessica (D:2)
  A naga skeleton (Tomb:1)
  A deep dwarf skeleton (Crypt:1)
  A mottled dragon skeleton (D:10)
  5 ogre skeletons
  A tengu skeleton (Crypt:3)
  13 mummies
  A hound skeleton (D:4)
  29 adders
  An orange rat skeleton (Crypt:2)
  25 green rats
  An orc zombie (D:9)
  5 giant mites
  An inept item mimic (Orc:1)
  5 white imps (IceCv)
  3 shadow imps
  3 worms
  11 ufetubi
  4 giant eyeballs (WizLab)
  9 giant geckos
  184 orcs
  A gnoll zombie (Crypt:2)
  21 hobgoblins
  3 jackals (D:2)
  9 oozes
  14 quokkas
  10 bats
  6 giant cockroaches
  6 giant newts
  3 giant spores
  17 goblins
  23 kobolds
  A lava orc zombie (Crypt:1)
  15 rats
  6 ballistomycetes
  2 fungi (Elf:2)
2205 creatures vanquished.

Vanquished Creatures (collateral kills)
  Saint Roka (Shoals:2)
  2 sphinxes
  A shadow dragon (Vaults:5)
  A tengu reaver (Vaults:5)
  A vault warden (Vaults:5)
  A reaper (Tomb:1)
  Jorgrun (Vaults:1)
  2 stone giants
  A deep elf annihilator (Elf:3)
  3 ettins (Vaults:5)
  2 merfolk javelineers (Shoals:5)
  3 merfolk impalers (Shoals:5)
  3 deep elf death magi
  11 vault guards (Vaults:5)
  A great orb of eyes (Vaults:5)
  A yaktaur captain (Vaults:5)
  2 ironheart preservers
  A mummy priest (Tomb:1)
  A small abomination (Vaults:5)
  A merfolk aquamancer (Shoals:5)
  A satyr (Shoals:3)
  A centaur warrior (Vaults:1)
  A hell knight (Crypt:3)
  2 skeletal warriors
  A necromancer (Crypt:2)
  A deep troll (Vaults:3)
  4 ironbrand convokers
  An orc knight (Vaults:1)
  3 sea snakes
  3 ugly things
  6 harpies
  2 deep elf conjurers
  An orc sorcerer (Shoals:2)
  A phantasmal warrior (Vaults:5)
  2 griffons
  A slime creature (D:15)
  A cyclops (Vaults:1)
  4 water nymphs
  2 vault sentinels
  2 fauns
  A mermaid (Shoals:3)
  A manticore (Shoals:2)
  A stone giant skeleton (Tomb:1)
  A drowned soul (Shoals:5)
  A centaur skeleton (Vaults:1)
  3 yaktaurs (Vaults:5)
  7 guardian mummies
  A tengu conjurer (D:15)
  A jumping spider (shapeshifter) (Vaults:5)
  A jumping spider (Vaults:5)
  A deep elf priest (Elf:2)
  4 merfolk
  2 freezing wraiths
  A raven (D:15)
  A merfolk skeleton (Shoals:5)
  2 snapping turtles (Shoals:5)
  4 two-headed ogres
  A trapdoor spider (D:15)
  2 wraiths
  A shadow (D:15)
  A water elemental (Shoals:3)
  5 deep elf magi
  6 flying skulls
  A griffon skeleton (Shoals:2)
  A yak (D:14)
  A hungry ghost (Tomb:1)
  A deep elf fighter (Elf:1)
  A vampire mosquito (Vaults:1)
  3 orc warriors
  2 ogres
  A mermaid skeleton (Shoals:5)
  A brain worm (D:15)
  A yaktaur skeleton (D:15)
  An orc priest (Vaults:5)
  An elf skeleton (D:15)
  2 sheep
  A mummy (Tomb:1)
  A lightning spire (Vaults:4)
  2 ufetubi (Elf:3)
  6 orcs
  A ballistomycete (D:15)
  2 crawling corpses (Elf:3)
  5 plants
164 creatures vanquished.

Vanquished Creatures (others)
  38 spectral weapons
  A deep elf summoner (Elf:3)
  A deep elf conjurer (Elf:3)
  3 tengu skeletons (Vaults:5)
  A harpy (Shoals:5)
  5 shadow dragon skeletons (Vaults:5)
  4 sphinx skeletons (Tomb:1)
  An iron dragon skeleton (Vaults:5)
  2 fire giant skeletons (Vaults:5)
  A stone giant skeleton (Vaults:5)
  A frost giant skeleton (Vaults:5)
  5 drowned souls
  8 merfolk skeletons
  5 water elementals
  3 ghoul skeletons (Crypt:2)
  A merfolk (Shoals:5)
  A sea snake skeleton (Shoals:2)
  An air elemental (Shoals:2)
  4 harpy skeletons
  A two-headed ogre (Vaults:2)
  5 ettin skeletons
  A deep elf mage (Elf:3)
  A satyr skeleton (Shoals:4)
  3 griffon skeletons
  A vampire mosquito (Crypt:2)
  2 raven skeletons (D:15)
  2 deep troll skeletons (Vaults:5)
  An ogre skeleton (Vaults:5)
  2 earth elementals (Shoals:5)
  3 mermaid skeletons
  8 lost souls
  22 human skeletons
  5 yaktaur skeletons
  3 killer bees (Crypt:2)
  7 chimeras (WizLab)
  2 yak skeletons (D:14)
  A troll skeleton (D:14)
  2 wights (Tomb:3)
  A centaur skeleton (Shoals:5)
  16 elf skeletons
  A giant frog skeleton (D:15)
  64 lightning spires
  3 necrophage skeletons (Crypt:3)
  3 ufetubi (IceCv)
  A giant spore (D:13)
  5 orc skeletons
  2 plants
254 creatures vanquished.

Grand Total: 2623 creatures vanquished

Notes
Turn   | Place    | Note
--------------------------------------------------------------
     0 | D:1      | MordorOrchid, the Spriggan Assassin, began the quest for the Orb.
     0 | D:1      | Reached XP level 1. HP: 10/10 MP: 2/2
    96 | D:1      | Reached skill level 6 in Stealth
   319 | D:1      | Reached XP level 2. HP: 12/14 MP: 4/4
   562 | D:1      | Reached XP level 3. HP: 18/18 MP: 6/6
   634 | D:2      | Noticed Jessica
   641 | D:2      | Killed Jessica
   800 | D:2      | Reached XP level 4. HP: 23/23 MP: 8/8
  1307 | D:2      | Reached skill level 7 in Stealth
  1489 | D:2      | Reached XP level 5. HP: 27/27 MP: 10/10
  1700 | D:2      | Found a basalt altar of Yredelemnul.
  2488 | D:4      | Got a shimmering dagger
  2517 | D:3      | Identified the +10 dagger "Jerammif" {drain, rPois Stlth+} (You found it on level 4 of the Dungeon)
  2601 | D:4      | Reached skill level 1 in Armour
  2601 | D:4      | Reached XP level 6. HP: 32/32 MP: 12/12
  2603 | D:4      | Found Skahuic's Food Shoppe.
  2614 | D:4      | Found a staircase to the Ecumenical Temple.
  2619 | D:4      | Gained mutation: Space occasionally distorts in your vicinity. [potion of mutation]
  2619 | D:4      | Gained mutation: Armour fits poorly on your strangely shaped body. [potion of mutation]
  2619 | D:4      | Gained mutation: You are covered in fur (AC +1). [potion of mutation]
  2681 | D:4      | Gained mutation: You are partially covered in rough black scales (AC +4, Dex -1). [potion of mutation]
  2722 | Temple   | Entered the Ecumenical Temple
  2798 | Temple   | Became a worshipper of Dithmenos the Shadowed
  2912 | D:4      | Found Qitziyh's Weapon Shoppe.
  2970 | D:4      | Found Ghiyrphi's Assorted Antiques.
  2985 | D:4      | Bought a scroll labeled TITURCH VADO for 26 gold pieces
  2985 | D:4      | Bought a scroll labeled BOWKOG SEORPH for 26 gold pieces
  2985 | D:4      | Bought a thick crystal amulet for 130 gold pieces
  3308 | D:5      | Entered Level 5 of the Dungeon
  3308 | D:5      | Noticed Duvessa
  3308 | D:5      | Noticed Dowan
  3405 | D:5      | Noticed Grinder
  3423 | D:5      | Noticed Natasha
  3436 | D:5      | Found a snail-covered altar of Cheibriados.
  3474 | D:5      | Noticed Sigmund
  3476 | D:5      | Reached XP level 7. HP: 35/35 MP: 14/14
  3491 | D:5      | Killed Sigmund
  3579 | D:5      | Killed Duvessa
  3610 | D:5      | Killed Dowan
  3866 | D:5      | Reached XP level 8. HP: 39/39 MP: 16/16
  3889 | D:5      | Killed Natasha
  3925 | D:5      | Noticed Menkaure
  3926 | D:5      | Found a glowing silver altar of Zin.
  3935 | D:5      | Noticed Natasha
  3955 | D:5      | Killed Menkaure
  3955 | D:5      | Reached skill level 5 in Armour
  3955 | D:5      | Reached skill level 8 in Stealth
  3974 | D:5      | Killed Natasha
  4214 | D:5      | Got a steaming brass ring
  4216 | D:5      | Identified the ring "Cyigg" {MR+ SInv} (You found it on level 5 of the Dungeon)
  4594 | D:6      | Found an iron altar of Okawaru.
  4649 | D:6      | Reached skill level 9 in Stealth
  4726 | D:6      | Reached skill level 5 in Dodging
  4962 | D:7      | Acquired Dithmenos' first power
  5505 | D:8      | Found a bloodstained altar of Trog.
  5511 | D:8      | Noticed Pikel
  5530 | D:7      | Reached XP level 9. HP: 21/45 MP: 7/18
  5676 | D:8      | Reached skill level 10 in Stealth
  5676 | D:8      | Reached skill level 1 in Evocations
  5801 | D:8      | Reached skill level 1 in Invocations
  5815 | D:8      | Reached skill level 5 in Short Blades
  5987 | D:8      | Reached skill level 5 in Throwing
  6225 | D:8      | Killed Pikel
  6225 | D:8      | Reached skill level 11 in Stealth
  6331 | D:8      | Reached XP level 10. HP: 51/51 MP: 22/22
  6367 | D:8      | Found a sparkling altar of Nemelex Xobeh.
  6437 | D:8      | Acquired Dithmenos' second power
  6555 | D:9      | Noticed Blork the orc
  6556 | D:9      | Found a staircase to the Lair.
  6559 | D:9      | Killed Blork the orc
  6731 | D:9      | Noticed Maurice
  6790 | D:9      | Killed Maurice
  7008 | D:9      | Found a staircase to the Orcish Mines.
  7046 | D:9      | Acquired Dithmenos' third power
  7105 | D:9      | Found a roughly hewn altar of Beogh.
  7153 | D:9      | Reached skill level 5 in Evocations
  7423 | D:9      | Reached skill level 12 in Stealth
  7558 | D:9      | Noticed Prince Ribbit
  7592 | D:9      | Killed Prince Ribbit
  7667 | D:10     | Entered Level 10 of the Dungeon
  7667 | D:10     | Noticed an unseen horror
  7667 | D:10     | Noticed a hill giant
  7832 | D:10     | Noticed a hill giant
  7836 | D:10     | Killed a hill giant
  7995 | D:10     | Reached skill level 5 in Fighting
  8122 | D:10     | Reached XP level 11. HP: 55/55 MP: 25/25
  8132 | D:10     | Reached skill level 1 in Shields
  8241 | D:10     | Killed an unseen horror
  8249 | D:10     | Killed a hill giant
  8350 | D:10     | Acquired Dithmenos' fourth power
  8559 | D:11     | Noticed a four-headed hydra
  8562 | D:11     | Noticed Harold
  8584 | D:11     | Killed Harold
  8584 | D:11     | Reached skill level 13 in Stealth
  8640 | D:11     | Noticed an eight-headed hydra
  8677 | D:10     | Killed a four-headed hydra
  8892 | D:11     | Noticed a four-headed hydra
  8928 | D:11     | Killed a four-headed hydra
  9010 | D:11     | Noticed a skeletal warrior
  9013 | D:11     | Noticed a skeletal warrior
  9014 | D:11     | Noticed a skeletal warrior
  9017 | D:11     | Killed a skeletal warrior
  9017 | D:11     | Reached skill level 10 in Dodging
  9168 | Lair:1   | Entered Level 1 of the Lair of Beasts
  9411 | Lair:1   | Reached skill level 5 in Invocations
  9609 | Lair:2   | Reached skill level 14 in Stealth
  9672 | Lair:2   | Reached XP level 12. HP: 60/60 MP: 27/27
 10487 | Lair:3   | Noticed Snorg
 10494 | Lair:3   | Killed Snorg
 10910 | Lair:4   | Reached skill level 15 in Stealth
 11149 | Lair:5   | Noticed a six-headed hydra
 11175 | Lair:5   | Noticed an eight-headed hydra
 11184 | Lair:5   | a six-headed hydra (ally) was killed
 11188 | Lair:5   | Killed an eight-headed hydra
 11350 | Lair:5   | Found a labyrinth entrance.
 11352 | Lair:5   | Noticed Fannar
 11358 | Lair:5   | Found a hole to the Spider Nest.
 11370 | Lair:5   | Killed Fannar
 11370 | Lair:5   | Reached skill level 16 in Stealth
 11405 | Lab      | Entered a labyrinth
 11603 | Lab      | Got a pitted turquoise ring
 13114 | Lab      | Noticed a minotaur
 13116 | Lab      | Killed a minotaur
 13116 | Lab      | Reached XP level 13. HP: 65/65 MP: 28/28
 13118 | Lab      | Got a fine platinum ring
 13143 | Lab      | Learned a level 1 spell: Apportation
 13146 | Lab      | Learned a level 2 spell: Blink
 13158 | Lab      | Identified the ring of the Illusory Runes {rF++ rC++ MR+} (You found it in a labyrinth)
 13161 | Lab      | Identified the ring "Lisun" {+Fly Dex+3 Int-4} (You found it in a labyrinth)
 13648 | Lair:5   | Reached skill level 1 in Translocations
 13828 | Lair:6   | Identified a scroll of acquirement
 13844 | Lair:6   | Found a staircase to the Slime Pits.
 13844 | Lair:6   | Found a viscous altar of Jiyva.
 13881 | Lair:6   | Reached skill level 1 in Spellcasting
 14260 | Lair:6   | Learned a level 3 spell: Regeneration
 14462 | Lair:6   | Found a staircase to the Shoals.
 15450 | Lair:7   | Reached skill level 17 in Stealth
 15476 | Lair:8   | Entered Level 8 of the Lair of Beasts
 15581 | Lair:8   | Reached skill level 5 in Translocations
 15582 | Lair:8   | Reached XP level 14. HP: 70/70 MP: 25/29
 15583 | Lair:8   | Reached skill level 1 in Charms
 15585 | Lair:8   | Reached skill level 1 in Necromancy
 15673 | Lair:8   | Learned a level 4 spell: Passage of Golubria
 15683 | Lair:8   | Learned a level 2 spell: Shroud of Golubria
 16081 | Lair:8   | Reached skill level 10 in Short Blades
 16793 | Orc:1    | Entered Level 1 of the Orcish Mines
 17004 | Orc:2    | Found a bloodstained altar of Trog.
 17312 | Orc:1    | Noticed Eustachio
 17348 | Orc:1    | Killed Eustachio
 17577 | Orc:3    | Found a staircase to the Elven Halls.
 17627 | Orc:4    | Entered Level 4 of the Orcish Mines
 17927 | Orc:4    | Found Jeigi's Gadget Shop.
 17927 | Orc:4    | Found Udwestruz's General Store.
 17927 | Orc:4    | Found Irunydor's Weapon Boutique.
 18053 | Orc:4    | Reached skill level 18 in Stealth
 18153 | Orc:4    | Found Gradofaf's Antique Weapon Boutique.
 18218 | Orc:4    | Bought a scroll of identify for 30 gold pieces
 18218 | Orc:4    | Bought a potion of mutation for 37 gold pieces
 18510 | Orc:3    | Found Theitt's Gadget Emporium.
 18562 | Orc:3    | Bought a wand of invisibility (4) for 104 gold pieces
 18617 | Orc:3    | Found a roughly hewn altar of Beogh.
 19321 | Lair:1   | Gained mutation: You have sharp toenails. [potion of mutation]
 19321 | Lair:1   | Gained mutation: You are partially covered in yellow scales (AC +2). [potion of mutation]
 19321 | Lair:1   | Gained mutation: You heal slowly when monsters are visible. [potion of mutation]
 19501 | Spider:1 | Entered Level 1 of the Spider Nest
 20143 | Spider:1 | Reached skill level 5 in Spellcasting
 20223 | Spider:2 | Noticed an emperor scorpion
 20251 | Spider:2 | Killed an emperor scorpion
 20255 | Spider:2 | Reached XP level 15. HP: 75/75 MP: 30/31
 20588 | Spider:2 | Reached skill level 5 in Charms
 21338 | Spider:3 | Gained mutation: You are clumsy. (Dex -2) [potion of mutation]
 21338 | Spider:3 | Gained mutation: Your magical capacity is low (-10% MP). [potion of mutation]
 21599 | Spider:4 | Learned a level 1 spell: Summon Butterflies
 21685 | Spider:4 | Reached skill level 19 in Stealth
 21798 | Spider:5 | Entered Level 5 of the Spider Nest
 21860 | Spider:5 | Found a frozen archway.
 21958 | IceCv    | Entered an ice cave
 22076 | IceCv    | Reached skill level 15 in Dodging
 22258 | IceCv    | Noticed an Ice Fiend
 22610 | IceCv    | Killed an Ice Fiend
 22610 | IceCv    | Reached skill level 10 in Throwing
 22610 | IceCv    | Reached skill level 1 in Summonings
 23553 | Spider:5 | Reached XP level 16. HP: 63/81 MP: 16/29
 23720 | Spider:5 | Got a gossamer rune of Zot
 24512 | Shoals:1 | Entered Level 1 of the Shoals
 25163 | Lair:1   | Learned a level 4 spell: Control Teleport
 25166 | Lair:1   | Learned a level 2 spell: Repel Missiles
 25170 | Lair:1   | Learned a level 3 spell: Spectral Weapon
 25300 | Orc:4    | Bought a book of Callings for 450 gold pieces
 25300 | Orc:4    | Bought a slice of pizza for 22 gold pieces
 25308 | Orc:4    | Learned a level 4 spell: Summon Lightning Spire
 25474 | D:11     | Noticed a hill giant
 25588 | D:11     | Killed a hill giant
 25634 | D:11     | Killed a skeletal warrior
 25696 | D:11     | Killed a skeletal warrior
 25696 | D:11     | Reached skill level 5 in Necromancy
 25754 | D:11     | Found a gateway to a bazaar.
 25793 | Bazaar   | Entered a bazaar
 25793 | Bazaar   | Found Wasmocek's Assorted Antiques.
 25793 | Bazaar   | Found Fruotwu's Jewellery Shoppe.
 25794 | Bazaar   | Found Nopsoypp's Gadget Emporium.
 25794 | Bazaar   | Found Kytynked's Armour Emporium.
 25803 | Bazaar   | Bought a scroll of identify for 62 gold pieces
 25803 | Bazaar   | Bought a scroll of enchant weapon for 232 gold pieces
 25803 | Bazaar   | Bought a scroll of fog for 62 gold pieces
 25812 | Bazaar   | Bought a wand of polymorph (12) for 112 gold pieces
 25812 | Bazaar   | Bought a wand of draining (4) for 64 gold pieces
 25812 | Bazaar   | Bought a box of beasts for 160 gold pieces
 25812 | Bazaar   | Bought a wand of draining (4) for 64 gold pieces
 25812 | Bazaar   | Bought a wand of enslavement (10) for 96 gold pieces
 25931 | D:11     | Killed an eight-headed hydra
 26226 | D:12     | Noticed Josephine
 26231 | D:12     | Killed Josephine
 26231 | D:12     | Reached skill level 1 in Hexes
 26289 | D:12     | Found a shadowy altar of Dithmenos.
 27081 | D:13     | Reached skill level 1 in Air Magic
 27135 | D:13     | Gained mutation: Your skin changes colour to match your surroundings (Stealth). [potion of mutation]
 27135 | D:13     | Gained mutation: Your muscles are strong. (Str +2) [potion of mutation]
 27135 | D:13     | Lost mutation: You are partially covered in yellow scales (AC +2). [potion of mutation]
 27136 | D:13     | Gained mutation: You are dopey. (Int -2) [potion of mutation]
 27208 | D:13     | Found a gate to the Vaults.
 27233 | D:13     | Got a jewelled dagger
 27237 | D:13     | Identified the +6 dagger "Laufi" {freeze, rC+ Dex+3} (You found it on level 13 of the Dungeon)
 27240 | Vaults:1 | Entered Level 1 of the Vaults
 27310 | Vaults:1 | Reached skill level 20 in Stealth
 28037 | Vaults:2 | Reached XP level 17. HP: 86/86 MP: 8/31
 28716 | Vaults:3 | Noticed Agnes
 28783 | Vaults:3 | Killed Agnes
 28929 | Vaults:3 | Found a flickering gateway to a bazaar.
 28933 | Vaults:3 | the flickering gateway to a bazaar was a mimic.
 28999 | Vaults:3 | Found a portal to a secret trove of treasure.
 29134 | Vaults:4 | Found a magical portal.
 29150 | WizLab   | Entered Cigotuvi's Fleshworks
 29286 | WizLab   | Gained mutation: You are very dopey. (Int -4) [mutagenic glow]
 29330 | WizLab   | Reached skill level 21 in Stealth
 29353 | WizLab   | Identified Cigotuvi's Catalogue of Transmutation and Stones (You found it in a wizard's laboratory)
 29358 | WizLab   | Learned a level 3 spell: Passwall
 29366 | WizLab   | Noticed Cigotuvi's Monster
 29430 | WizLab   | Killed Cigotuvi's Monster
 29430 | WizLab   | Reached skill level 1 in Transmutations
 29483 | WizLab   | Lost mutation: You are clumsy. (Dex -2) [potion of mutation]
 29484 | WizLab   | Gained mutation: Your body is slowly deteriorating. [potion of mutation]
 29484 | WizLab   | Lost mutation: You are partially covered in rough black scales (AC +4, Dex -1). [potion of mutation]
 29485 | WizLab   | Gained mutation: You can spit poison. [potion of mutation]
 29485 | WizLab   | Gained mutation: You are frail (-10% HP). [potion of mutation]
 29485 | WizLab   | Lost mutation: You are frail (-10% HP). [potion of mutation]
 29487 | WizLab   | Gained mutation: You are resistant to hostile enchantments. [potion of mutation]
 29489 | WizLab   | Gained mutation: Space sometimes distorts in your vicinity. [potion of mutation]
 29489 | WizLab   | Gained mutation: You are clumsy. (Dex -2) [potion of mutation]
 29491 | WizLab   | Lost mutation: You heal slowly when monsters are visible. [potion of cure mutation]
 29491 | WizLab   | Lost mutation: Your magical capacity is low (-10% MP). [potion of cure mutation]
 29491 | WizLab   | Lost mutation: Your body is slowly deteriorating. [potion of cure mutation]
 29491 | WizLab   | Lost mutation: You are clumsy. (Dex -2) [potion of cure mutation]
 29491 | WizLab   | Lost mutation: You can spit poison. [potion of cure mutation]
 29491 | WizLab   | Lost mutation: Your muscles are strong. (Str +2) [potion of cure mutation]
 29492 | WizLab   | Lost mutation: You are resistant to hostile enchantments. [potion of cure mutation]
 29492 | WizLab   | Lost mutation: Your skin changes colour to match your surroundings (Stealth). [potion of cure mutation]
 29493 | WizLab   | Lost mutation: Space sometimes distorts in your vicinity. [potion of cure mutation]
 29493 | WizLab   | Lost mutation: You are covered in fur (AC +1). [potion of cure mutation]
 29493 | WizLab   | Lost mutation: You are very dopey. (Int -4) [potion of cure mutation]
 29493 | WizLab   | Lost mutation: Armour fits poorly on your strangely shaped body. [potion of cure mutation]
 29493 | WizLab   | Lost mutation: You have sharp toenails. [potion of cure mutation]
 29494 | WizLab   | Lost mutation: You are dopey. (Int -2) [potion of cure mutation]
 29494 | WizLab   | Lost mutation: Space occasionally distorts in your vicinity. [potion of cure mutation]
 29516 | WizLab   | Gained mutation: You are partially covered in rugged brown scales (AC +1, +3% HP). [potion of beneficial mutation]
 29517 | WizLab   | Gained mutation: You have a pair of small antennae on your head. [potion of beneficial mutation]
 29518 | WizLab   | Gained mutation: Your system is resistant to poisons. [potion of beneficial mutation]
 29634 | WizLab   | Reached skill level 10 in Invocations
 29736 | WizLab   | Reached skill level 1 in Earth Magic
 29822 | WizLab   | Paralysed by a giant eyeball for 4 turns
 30288 | Vaults:4 | Learned a level 1 spell: Animate Skeleton
 30881 | Vaults:4 | Reached XP level 18. HP: 92/94 MP: 19/37
 31748 | Vaults:3 | Noticed Mennas
 31980 | Vaults:3 | Reached skill level 10 in Spellcasting
 32016 | Vaults:3 | Got a crystal flail
 32324 | Vaults:2 | Reached skill level 5 in Summonings
 32450 | Vaults:2 | Reached skill level 5 in Transmutations
 32496 | Vaults:2 | Found Claix's Antique Weapon Shop.
 32508 | Vaults:2 | Bought an ancient short sword for 288 gold pieces
 32508 | Vaults:2 | Bought an ancient cutlass for 324 gold pieces
 32508 | Vaults:2 | Identified the +9 flail "Twuicy" {holy, rN+ SInv} (You found it on level 3 of the Vaults)
 32513 | Vaults:2 | Identified the cursed +2 short sword "Rak Caef" {slice, +Rage rN+ Str+2 Int+2} (You bought it in a shop on level 2 of the Vaults)
 32548 | Vaults:2 | Found a staircase to the Crypt.
 32548 | Vaults:2 | Found an ancient bone altar of Kikubaaqudgha.
 32548 | Vaults:2 | Found a basalt altar of Yredelemnul.
 32954 | Vaults:1 | Noticed Jorgrun
 33430 | Vaults:1 | Got a ripped robe
 33576 | Vaults:1 | Reached skill level 5 in Air Magic
 33618 | Vaults:1 | Killed Jorgrun
 33722 | Vaults:1 | Identified the +5 cutlass "Beetlebane" {vamp, +Inv rN+ Dex-3 Int-4 SInv} (You bought it in a shop on level 2 of the Vaults)
 33897 | D:14     | Reached skill level 22 in Stealth
 34664 | D:15     | Entered Level 15 of the Dungeon
 34724 | D:15     | Found a shattered altar of Ashenzari.
 34798 | D:15     | Reached XP level 19. HP: 100/100 MP: 39/39
 35214 | D:15     | Gained mutation: Potions and wands are less effective at restoring your health. [a shining eye]
 35246 | D:15     | Found a staircase to the Depths.
 35615 | Lair:1   | Learned a level 3 spell: Flight
 35937 | Shoals:2 | Reached skill level 10 in Fighting
 36019 | Shoals:2 | Noticed Saint Roka
 36105 | Shoals:2 | Killed Saint Roka
 36424 | Shoals:2 | Noticed Louise
 36525 | Shoals:2 | Killed Louise
 36709 | Shoals:3 | Noticed Wiglaf
 36814 | Shoals:2 | Killed Wiglaf
 37000 | Shoals:3 | Noticed Mara
 37737 | Shoals:5 | Entered Level 5 of the Shoals
 37781 | Shoals:5 | Noticed Ilsuiw
 37862 | Shoals:5 | Killed Ilsuiw
 38304 | Shoals:5 | Got a barnacled rune of Zot
 39040 | Shoals:3 | Killed Mara
 39607 | Lair:1   | Identified the +3 robe "Frupne" {rF++ Stlth+} (You found it on level 1 of the Vaults)
 39710 | Elf:1    | Entered Level 1 of the Elven Halls
 39769 | Elf:1    | Reached XP level 20. HP: 106/106 MP: 35/40
 40082 | Elf:2    | Noticed Aizul
 40092 | Elf:2    | Killed Aizul
 40106 | Elf:2    | Reached skill level 23 in Stealth
 40325 | Elf:2    | Found Ocluarche's Food Emporium.
 40330 | Elf:2    | Bought a royal jelly for 28 gold pieces
 40357 | Elf:2    | Noticed Nessos
 40360 | Elf:2    | Killed Nessos
 40412 | Elf:2    | Noticed Frances
 40415 | Elf:2    | Killed Frances
 40544 | Elf:3    | Entered Level 3 of the Elven Halls
 40599 | Elf:3    | Noticed Nikola
 40603 | Elf:3    | Killed Nikola
 40651 | Elf:3    | Noticed Roxanne
 40697 | Elf:3    | Your ally Nikola died
 41559 | Elf:3    | Got a smoking amber ring
 41561 | Elf:3    | Identified the ring "Acwog" {+Rage rPois rN+ Str+3 Dex+3} (You took it off a deep elf mage on level 3 of the Elven Halls)
 41721 | Elf:3    | Got a ring of the Octopus King
 41723 | Elf:3    | Identified a ring of the Octopus King {AC+1 EV+1 Str+1 Dex+1 Int+1 Stlth+} (You found it on level 3 of the Elven Halls)
 41850 | Elf:3    | Identified the Volume of Evil Talismans (You found it on level 3 of the Elven Halls)
 41971 | Elf:3    | Identified Nyeho's Handbook of Nocuous Beguiling (You found it on level 3 of the Elven Halls)
 42012 | Elf:3    | Learned a level 5 spell: Lee's Rapid Deconstruction
 43300 | Vaults:5 | Entered Level 5 of the Vaults
 43302 | Vaults:5 | Noticed a golden dragon
 43678 | Vaults:5 | Got an uncursed fine blowgun
 43679 | Vaults:5 | Identified the +8 blowgun "Oraewoef" {evade, rElec rN+ Str+1} (You took it off a vault guard on level 5 of the Vaults)
 43889 | Vaults:5 | Killed a golden dragon
 43955 | Vaults:5 | Got a heavily runed troll leather armour
 43972 | Vaults:5 | Noticed Frederick
 44026 | Vaults:5 | Killed Frederick
 44340 | Vaults:5 | Noticed a golden dragon
 44345 | Vaults:5 | Killed a golden dragon
 44377 | Vaults:5 | Reached XP level 21. HP: 112/112 MP: 42/42
 44387 | Vaults:5 | Identified the Tome of Torrid Dark Rituals
 44400 | Vaults:5 | Learned a level 2 spell: Sublimation of Blood
 44509 | Vaults:5 | Reached skill level 5 in Earth Magic
 44558 | Vaults:5 | Noticed a golden dragon
 44631 | Vaults:5 | Your ally Frederick died
 44640 | Vaults:5 | Killed a golden dragon
 44814 | Vaults:5 | Identified the cursed +0 troll leather armour of the Little Devil {+Blink rPois rN+} (You found it on level 5 of the Vaults)
 44842 | Vaults:5 | Identified the Grimoire of Lethal Execration
 45048 | Vaults:5 | Reached skill level 24 in Stealth
 46577 | Vaults:5 | Identified the Catalogue of Scorching Confrontation
 46601 | Vaults:5 | Was placed under penance by Dithmenos
 46604 | Vaults:5 | Was forgiven by Dithmenos
 46609 | Vaults:5 | Was placed under penance by Dithmenos
 46613 | Vaults:5 | Was forgiven by Dithmenos
 46949 | Vaults:5 | Got a silver rune of Zot
 47047 | Vaults:5 | Got a sheer robe
 47048 | Vaults:5 | Identified the +0 robe "Erhukh" {Dex+4} (You found it on level 5 of the Vaults)
 47302 | Vaults:2 | Identified a +8 rod of the swarm (13/13) (You found it on level 5 of the Vaults)
 47305 | Crypt:1  | Entered Level 1 of the Crypt
 48208 | Crypt:1  | Reached XP level 22. HP: 117/117 MP: 25/43
 49192 | Crypt:2  | Found a basalt altar of Yredelemnul.
 49454 | Crypt:3  | Entered Level 3 of the Crypt
 50295 | Crypt:3  | Reached skill level 15 in Spellcasting
 50882 | Crypt:3  | Identified the Guide on Sinister Arts (You found it on level 3 of the Crypt)
 50888 | Crypt:3  | Learned a level 4 spell: Control Undead
 51244 | Crypt:3  | Found a basalt altar of Yredelemnul.
 51244 | Crypt:3  | Noticed an ancient lich
 51642 | Crypt:3  | Killed an ancient lich
 51735 | Crypt:3  | Got a distressingly furry robe
 51736 | Crypt:3  | Identified the cursed +2 robe of an ossuary {rF+ rC+ Int+4} (You found it on level 3 of the Crypt)
 51881 | Crypt:3  | Found a staircase to the Tomb.
 51901 | Crypt:3  | Got a polished dagger
 51902 | Crypt:3  | Identified the +7 dagger "Skeisent" {stab, Stlth+} (You found it on level 3 of the Crypt)
 51909 | Tomb:1   | Entered Level 1 of the Tomb of the Ancients
 52590 | Tomb:1   | Reached XP level 23. HP: 101/124 MP: 17/44
 52610 | Tomb:1   | Noticed an ancient lich
 52701 | Tomb:1   | Noticed a greater mummy
 52859 | Tomb:1   | Killed a greater mummy
 52979 | Tomb:1   | Killed an ancient lich
 53123 | Tomb:1   | Noticed a greater mummy
 53241 | Tomb:1   | Killed a greater mummy
 54483 | Tomb:1   | Noticed a greater mummy
 54518 | Tomb:1   | Noticed a greater mummy
 54836 | Tomb:1   | Killed a greater mummy
 54921 | Tomb:1   | Noticed a greater mummy
 54939 | Tomb:1   | Killed a greater mummy
 54971 | Tomb:1   | Noticed a greater mummy
 55105 | Tomb:1   | Killed a greater mummy
 55160 | Tomb:1   | Noticed a greater mummy
 55230 | Tomb:1   | Killed a greater mummy
 55261 | Tomb:1   | Noticed a greater mummy
 55297 | Tomb:1   | Killed a greater mummy
 55348 | Tomb:1   | Noticed a greater mummy
 55362 | Tomb:1   | Killed a greater mummy
 55362 | Tomb:1   | Reached skill level 10 in Earth Magic
 55416 | Tomb:1   | Noticed a greater mummy
 55552 | Tomb:1   | Killed a greater mummy
 55626 | Tomb:1   | Noticed a greater mummy
 55651 | Tomb:1   | Killed a greater mummy
 55664 | Tomb:1   | Noticed a greater mummy
 55674 | Tomb:1   | Noticed a greater mummy
 55677 | Tomb:1   | Killed a greater mummy
 55763 | Tomb:1   | Killed a greater mummy
 55880 | Tomb:1   | Noticed a greater mummy
 55897 | Tomb:1   | Killed a greater mummy
 55917 | Tomb:1   | Noticed a greater mummy
 55946 | Tomb:1   | Killed a greater mummy
 56009 | Tomb:1   | Noticed a greater mummy
 56064 | Tomb:1   | Killed a greater mummy
 56119 | Tomb:1   | Noticed a greater mummy
 56148 | Tomb:1   | Killed a greater mummy
 56172 | Tomb:1   | Noticed a greater mummy
 56182 | Tomb:1   | Killed a greater mummy
 56752 | Tomb:3   | Entered Level 3 of the Tomb of the Ancients
 56766 | Tomb:3   | Noticed a greater mummy
 56773 | Tomb:3   | Noticed an ancient lich
 56780 | Tomb:3   | Noticed a greater mummy
 56788 | Tomb:3   | Noticed a greater mummy
 56789 | Tomb:3   | Noticed a greater mummy
 56795 | Tomb:3   | Noticed a greater mummy
 56795 | Tomb:3   | Noticed a greater mummy
 56795 | Tomb:3   | Noticed a greater mummy
 56798 | Tomb:3   | Got a golden rune of Zot
 56811 | Tomb:3   | Noticed a greater mummy
 57044 | Tomb:1   | Killed a greater mummy
 57044 | Tomb:1   | Reached XP level 24. HP: 70/114 MP: 36/45
 58214 | Tomb:3   | Got a brightly glowing platinum amulet
 58241 | Tomb:3   | Killed a greater mummy
 58327 | Tomb:3   | HP: 2/114 [greater mummy/divine providence (9)]
 58335 | Tomb:3   | Slain by a guardian mummy

Action                   |  1- 3 |  4- 6 |  7- 9 | 10-12 | 13-15 | 16-18 | 19-21 | 22-24 || total
-------------------------+-------+-------+-------+-------+-------+-------+-------+-------++-------
Melee: Dagger            |    32 |   151 |   226 |   788 |  2221 |  2020 |  1877 |       ||  7315
       Unarmed           |       |       |       |       |       |    15 |     2 |       ||    17
       Cutlass           |       |       |       |       |       |       |   151 |  1408 ||  1559
 Fire: Blowgun           |    21 |    71 |    69 |    66 |    36 |    38 |    24 |       ||   325
Throw: Throwing net      |       |     1 |     4 |     8 |       |     4 |    18 |    44 ||    79
       Tomahawk          |       |       |       |    29 |    63 |   127 |   246 |   229 ||   694
 Cast: Apportation       |       |       |       |       |    18 |   124 |   125 |    53 ||   320
       Blink             |       |       |       |       |     9 |    18 |    10 |    17 ||    54
       Shroud of Golubri |       |       |       |       |     4 |    10 |    13 |    10 ||    37
       Passage of Golubr |       |       |       |       |     3 |    14 |     7 |    15 ||    39
       Regeneration      |       |       |       |       |     3 |    23 |    33 |    69 ||   128
       Spectral Weapon   |       |       |       |       |       |    46 |    22 |    64 ||   132
       Summon Lightning  |       |       |       |       |       |    61 |    81 |    49 ||   191
       Animate Skeleton  |       |       |       |       |       |    18 |   151 |    17 ||   186
       Passwall          |       |       |       |       |       |     3 |    47 |       ||    50
       Flight            |       |       |       |       |       |       |    22 |     2 ||    24
       Repel Missiles    |       |       |       |       |       |       |     3 |       ||     3
       Control Teleport  |       |       |       |       |       |       |     1 |       ||     1
       Lee's Rapid Decon |       |       |       |       |       |       |       |    74 ||    74
       Sublimation of Bl |       |       |       |       |       |       |       |     2 ||     2
Invok: Shadow Step       |       |       |       |     3 |     6 |     6 |    17 |       ||    32
       Shadow Form       |       |       |       |       |       |       |       |     4 ||     4
 Abil: Evoke Flight      |       |       |       |       |     2 |       |       |       ||     2
       End Transformatio |       |       |       |       |       |       |     2 |       ||     2
Evoke: Wand              |       |     1 |     3 |     4 |    14 |    50 |    22 |     4 ||    98
       Box of beasts     |       |       |       |       |       |     8 |     3 |       ||    11
       Phial of floods   |       |       |       |       |       |     2 |     8 |       ||    10
       Fan of gales      |       |       |       |       |       |       |     2 |       ||     2
       Stone of tremors  |       |       |       |       |       |       |     2 |       ||     2
       Deck              |       |       |       |       |       |       |    20 |       ||    20
       tome              |       |       |       |       |       |       |     7 |       ||     7
       Disc of storms    |       |       |       |       |       |       |     1 |       ||     1
       Rod               |       |       |       |       |       |       |       |     2 ||     2
       Staff of energy   |       |       |       |       |       |       |       |    53 ||    53
  Use: Scroll            |       |     6 |     8 |    15 |    24 |    21 |    26 |     9 ||   109
       Potion            |       |    10 |     1 |       |     3 |    21 |     9 |    10 ||    54
 Stab: Sleeping          |     9 |    25 |    34 |   108 |   191 |   191 |   162 |    52 ||   772
       Held in net/web   |       |       |     2 |     3 |       |     2 |     5 |    47 ||    59
       Distracted        |       |       |     1 |    10 |    19 |    58 |    57 |    51 ||   196
       Fleeing           |       |       |       |     2 |     1 |       |       |       ||     3
       Confused          |       |       |       |       |       |     1 |    10 |       ||    11
       Invisible         |       |       |       |       |       |       |    21 |     2 ||    23
       Betrayed ally     |       |       |       |       |       |       |     1 |       ||     1
  Eat: Pizza             |       |     1 |       |     1 |     2 |     2 |     1 |     2 ||     9
       Royal jelly       |       |       |     1 |       |     2 |     1 |     1 |     7 ||    12
       Fruit             |       |       |     4 |     7 |       |    13 |       |     4 ||    28
       Bread ration      |       |       |       |       |     1 |     3 |     5 |     1 ||    10
